 Dungeon Crawl Stone Soup version 0.29-a0-321-gf1c400731a (webtiles) character file.

Game seed: 15312666937273151875

172317 Rohain the Wrestler (level 17, -1/178 HPs)
             Began as a Troll Fighter on Apr 4, 2022.
             Was the Champion of Jiyva.
             Hit by a silver javelin thrown by a merfolk javelineer (8 damage)
             ... on level 2 of the Shoals.
             The game lasted 00:55:23 (24797 turns).

Rohain the Wrestler (Troll Fighter)                Turns: 24797, Time: 00:55:24

Health: -1/178     AC: 15    Str: 36    XL:     17   Next: 16%
Magic:  22/22      EV: 13    Int:  8    God:    Jiyva [******]
Gold:   1085       SH: 18    Dex: 19    Spells: 16/16 levels left

rFire   . . .      SeeInvis +     - Unarmed
rCold   + + .      Faith    .   b - +0 kite shield
rNeg    . . .      Spirit   .   S - +2 robe {rC+ rF+}
rPois   +          Reflect  +   Y - +2 hat {SInv}
rElec   +          Harm     .   f - +2 cloak of Protective Custody {rElec rPois rF- SInv}
rCorr   +          Rampage  .   (gloves unavailable)
Will    ++...                   (boots unavailable)
Stlth   ++........              o - amulet of reflection
HPRegen 2.79/turn               l - ring "Horgh" {Will+ Str+6}
MPRegen 0.68/turn               C - +6 ring of dexterity

@: no status effects
A: large, unfitting armour, claws 3, regeneration 1, shaggy fur 3, tough skin 1,
clever 2, acidic bite, gelatinous body 3, pseudopods 1
}: 1/15 runes: slimy
a: Renounce Religion, Oozemancy, Slimify


You were on level 2 of the Shoals.
You worshipped Jiyva.
Jiyva was exalted by your worship.
You visited 7 branches of the dungeon, and saw 32 of its levels.
You visited the Abyss 1 time.
You also visited: Bailey, Gauntlet, Ice Cave and Volcano.

You collected 1938 gold pieces.
You spent 853 gold pieces at shops.

Inventory:

Hand Weapons
 x - a +1 flail of holy wrath
 P - the +11 trident "Ugiryn" {vorpal, rElec rF+ Int+7 SInv}
   (You found it on level 5 of the Pits of Slime)

   It inflicts extra damage upon your enemies.
   Int:       It affects your intelligence (+7).
   rF:        It protects you from fire.
   rElec:     It insulates you from electricity.
   SInv:      It lets you see invisible.
Missiles
 y - 4 throwing nets (quivered)
Armour
 b - a +0 kite shield (worn)
 f - the +2 cloak of Protective Custody (worn) {rElec rPois rF- SInv}
   (You acquired it on level 7 of the Dungeon)

   rF:        It makes you vulnerable to fire.
   rElec:     It insulates you from electricity.
   rPois:     It protects you from poison.
   SInv:      It lets you see invisible.
 S - a +2 robe of resistance (worn)
 Y - a +2 hat of see invisible (worn)
Jewellery
 a - a +6 ring of strength
 d - an amulet of regeneration
 h - the ring "Ajeiraycli" {rElec Int+4 Dex-3 SInv}
   (You took it off Kirke on level 6 of the Lair of Beasts)

   [ring of see invisible]

   Int:       It affects your intelligence (+4).
   Dex:       It affects your dexterity (-3).
   rElec:     It insulates you from electricity.
   SInv:      It lets you see invisible.
 l - the ring "Horgh" (left claw) {Will+ Str+6}
   (You found it on level 5 of the Pits of Slime)

   [ring of strength]

   Str:       It affects your strength (+6).
   Will:      It increases your willpower.
 n - a +4 ring of evasion
 o - an amulet of reflection (around neck)
 z - the amulet "Guna" {Acrobat rElec rN+}
   (You found it on level 5 of the Pits of Slime)

   [amulet of the acrobat]

   It increases your evasion while moving and waiting.
   rElec:     It insulates you from electricity.
   rN:        It protects you from negative energy.
 C - a +6 ring of dexterity (right claw)
 H - a ring of flight
 I - a ring of fire
 V - a ring of protection from cold
 X - an amulet of guardian spirit
 Z - a ring of magical power
Wands
 t - a wand of flame (94)
 w - a wand of polymorph (19)
 A - a wand of paralysis (15)
 N - a wand of charming (11)
 R - a wand of mindburst (4)
 T - a wand of iceblast (6)
Scrolls
 e - 2 scrolls of magic mapping
 g - a scroll of teleportation
 j - 2 scrolls of immolation
 m - 2 scrolls of blinking
 B - 4 scrolls of amnesia
 E - 2 scrolls of enchant weapon
 F - a scroll of enchant armour
 G - a scroll of brand weapon
 J - 5 scrolls of fear
 K - 5 scrolls of fog
 M - 14 scrolls of identify
 O - 2 scrolls of silence
 Q - a scroll of holy word
 W - 2 scrolls of summoning
Potions
 c - 3 potions of might
 i - 5 potions of magic
 k - 5 potions of attraction
 p - 2 potions of berserk rage
 q - 5 potions of lignification
 r - 5 potions of haste
 s - 3 potions of cancellation
 u - 3 potions of curing
 v - 6 potions of mutation
 D - 2 potions of ambrosia
 L - 6 potions of flight
 U - 6 potions of brilliance


   Skills:
 + Level 13.2 Fighting
 - Level 2.4 Dodging
 + Level 13.2 Shields
 * Level 21.1 Unarmed Combat
 - Level 8.9 Invocations


You had 16 spell levels left.
You didn't know any spells.
Your spell library contained the following spells:

 Spells                   Type           Power      Damage    Failure   Level
 Animate Skeleton         Necr           0%         N/A       56%         1
 Apportation              Tloc           0%         N/A       56%         1
 Freeze                   Ice            0%         1d3       56%         1
 Magic Dart               Conj           0%         1d3       56%         1
 Shock                    Conj/Air       0%         1d3       56%         1
 Summon Small Mammal      Summ           0%         N/A       56%         1
 Call Imp                 Summ           0%         N/A       71%         2
 Ensorcelled Hibernation  Hex/Ice        0%         N/A       71%         2
 Static Discharge         Conj/Air       0%         N/A       71%         2
 Sublimation of Blood     Necr           0%         N/A       71%         2
 Wereblood                Tmut           0%         N/A       71%         2
 Call Canine Familiar     Summ           0%         N/A       91%         3
 Dazzling Flash           Conj/Hex       0%         N/A       91%         3
 Frozen Ramparts          Ice            0%         1d2       91%         3
 Gell's Gravitas          Tloc           0%         N/A       91%         3
 Ignite Poison            Fire/Tmut/Pois 0%         N/A       91%         3
 Mephitic Cloud           Conj/Pois/Air  0%         N/A       91%         3
 Ozocubu's Armour         Ice            0%         N/A       91%         3
 Portal Projectile        Hex/Tloc       0%         N/A       91%         3
 Spider Form              Tmut/Pois      0%         N/A       91%         3
 Summon Guardian Golem    Hex/Summ       0%         N/A       91%         3
 Teleport Other           Tloc           0%         N/A       91%         3
 Tukima's Dance           Hex            0%         N/A       91%         3
 Anguish                  Hex/Necr       0%         N/A       100%        4
 Fulminant Prism          Conj/Hex       0%         3d6       100%        4
 Hailstorm                Conj/Ice       0%         3d3       100%        4
 Leda's Liquefaction      Hex/Erth       0%         N/A       100%        4
 Petrify                  Tmut/Erth      0%         N/A       100%        4
 Sticky Flame             Conj/Fire      0%         2d3       100%        4
 Agony                    Necr           0%         N/A       100%        5
 Freezing Cloud           Conj/Ice/Air   0%         6-21      100%        5
 Irradiate                Conj/Tmut      0%         3d13      100%        5
 Lightning Bolt           Conj/Air       0%         1d11      100%        5
 Silence                  Hex/Air        0%         N/A       100%        5
 Summon Forest            Summ/Tloc      0%         N/A       100%        5
 Dispersal                Tloc           0%         N/A       100%        6
 Malign Gateway           Summ/Tloc      0%         N/A       100%        7
 Orb of Destruction       Conj           0%         9d5       100%        7
 Spellforged Servitor     Conj/Summ      0%         N/A       100%        7
 Summon Hydra             Summ           0%         N/A       100%        7
 Disjunction              Tloc           0%         N/A       100%        8
 Maxwell's Capacitive Co  Air            0%         ∞         100%        8
 Chain Lightning          Conj/Air       0%         N/A       100%        9


Dungeon Overview and Level Annotations

Branches:
Dungeon (15/15)            Temple (1/1) D:6            Lair (6/6) D:10
 Shoals (2/4) Lair:4       Spider (0/4) Lair:4        Slime (5/5) Lair:6
    Orc (2/2) D:12            Elf (1/3) Orc:2        Vaults (0/5) D:13
 Depths (0/4) D:15         Bailey (visited)           IceCv (visited)
Volcano (visited)         Gauntlet (visited)

Altars:
Ashenzari
Cheibriados
Dithmenos
Elyvilon
Fedhas
Gozag
Hepliaklqana
Kikubaaqudgha
Makhleb
Nemelex Xobeh
Okawaru
Qazlal
Ru
Sif Muna
Trog
Uskayaw
Vehumet
Wu Jian
Xom
Yredelemnul
Zin
The Shining One
Beogh
Jiyva
Lugonu

Shops:
D:4 (   D:6 =   D:10 [   D:14 *[   D:15 !   Orc:2 [?=:   Elf:1 (   Shoals:1 *

Portals:
Abyss: Lair:6

Annotations:
Slime:5 Royal Jelly


Innate Abilities, Weirdness & Mutations

You are too large for most types of armour.
You have claws for hands.
Your natural rate of healing is unusually fast.
Your thick and shaggy fur keeps you warm. (AC +3, rC+)
You have tough skin. (AC +1)
Your mind is very acute. (Int +4)
You have acidic saliva.
Your gelatinous body deflects attacks. (AC +3, EV +3)
Armour fits poorly on your pseudopods.


Message History

The merfolk impaler is moderately wounded.
You block the merfolk javelineer's attack.
You hear a haunting song.
The jelly misses the wind drake.
The merfolk impaler misses you.
You mangle the merfolk impaler!!
Your bludgeon misses the merfolk impaler.
The merfolk impaler is severely wounded.
The merfolk impaler hits you but does no damage.
The merfolk javelineer throws a silver javelin.
The silver javelin pierces through you! The silver sears you!
The jelly closely misses the wind drake.
You mangle the merfolk impaler!! Your bite misses the merfolk impaler.
The merfolk impaler is almost dead.
The wind drake flaps its wings at you. The air twists around and strikes you!
The merfolk impaler barely misses you.
You hear an eerie melody.
You miss the merfolk impaler.
The merfolk impaler is almost dead.
The merfolk javelineer throws a silver javelin.
The silver javelin pierces through you!
* * * LOW HITPOINT WARNING * * *
The silver sears you!
* * * LOW HITPOINT WARNING * * *
The wind drake flaps its wings at you. The air twists around and strikes you!
* * * LOW HITPOINT WARNING * * *
The jelly completely misses the wind drake.
The merfolk impaler hits you but does no damage.
You scratch the merfolk impaler but do no damage.
Your bite misses the merfolk impaler.
Your bludgeon misses the merfolk impaler.
The merfolk impaler is almost dead.
The merfolk impaler hits you with a +2 trident of protection!
* * * LOW HITPOINT WARNING * * *
You hear an eerie melody.
The merfolk javelineer throws a silver javelin.
The silver javelin pierces through you!!
* * * LOW HITPOINT WARNING * * *
The silver sears you!
You die...

≈≈≈≈.≈≈.≈≈≈≈≈≈
≈≈≈≈≈≈≈.....≈≈≈≈≈≈
≈≈≈≈≈≈≈.....≈≈.≈≈≈
≈≈≈≈≈≈......≈≈..≈≈
≈≈≈≈.......J.≈≈≈..≈
≈≈≈≈........k.≈≈≈≈.≈
≈≈≈≈.≈≈...##mm...≈..
≈≈...≈....##@)..≈..≈
≈≈≈..≈..........≈≈≈≈
≈..............≈≈≈≈≈
............≈≈≈≈≈≈≈≈
#...≈≈≈≈≈≈≈≈≈≈≈≈≈≈≈
##..≈≈≈...≈≈≈≈≈≈≈≈≈≈
..≈≈≈≈.....≈≈≈≈≈≈≈≈≈
≈...≈≈..<..≈≈≈≈≈≈≈≈≈
≈≈≈≈≈≈.....≈≈≈≈≈≈≈≈≈


You could see a merfolk impaler, a merfolk javelineer, a wind drake (repels
missiles) and a neutral jelly (distracted) (fellow slime).

Vanquished Creatures
  Rupert (Orc:2)
  2 acid blobs (Lair:6)
  Gastronok (Lair:3)
  Kirke (Lair:6)
  Louise (D:14)
  3 deep elf sorcerers (Elf:1)
  3 apis (D:13)
  Nessos (Lair:5)
  A minotaur (Gauntlet)
  A dire elephant (Gauntlet)
  Snorg (D:14)
  A merfolk impaler (Shoals:2)
  6 vault guards
  6 hydras
  2 catoblepae
  2 ogre magi
  5 boulder beetles
  7 dancing weapons (Elf:1)
  2 centaur warriors
  6 two-headed ogres
  A satyr (Shoals:2)
  6 death yaks
  A vampire mage (D:15)
  2 thrashing horrors (Lair:6)
  A tengu warrior (D:12)
  An orc high priest (Orc:1)
  12 deep elf knights (Elf:1)
  Sonja (Lair:5)
  A hell knight (Volcano)
  A storm dragon zombie (D:15)
  2 skeletal warriors (D:15)
  Amaemon (Lair:1)
  A fire crab (Gauntlet)
  A golden dragon zombie (D:15)
  A sea snake (Shoals:2)
  An orc knight (Orc:2)
  9 deep elf archers (Elf:1)
  17 harpies
  A large abomination (Lair:6)
  Pikel (D:5)
  2 necromancers
  A shadow dragon zombie (D:15)
  19 deep elf pyromancers
  20 deep elf zephyrmancers (Elf:1)
  10 cyclopes
  11 orc sorcerers (Orc:2)
  A moth of wrath (shapeshifter) (Lair:6)
  21 ugly things
  4 manticores
  13 elephants
  5 merfolk sirens
  3 ice statues (IceCv)
  Joseph (Lair:1)
  A centaur zombie (D:13)
  12 cane toads
  An orange demon (Lair:1)
  3 black mambas
  A minotaur zombie (Gauntlet)
  2 smoke demons
  3 rime drakes
  2 unseen horrors (D:11)
  4 yaktaurs (D:15)
  An anaconda simulacrum (IceCv)
  An efreet (D:15)
  2 red devils (Volcano)
  17 komodo dragons
  An ancient zyme (Lair:6)
  9 merfolk
  A hornet (shapeshifter) (Lair:6)
  A meliai (shapeshifter) (Lair:6)
  3 trolls
  A polar bear (Lair:5)
  A slime creature (Lair:6)
  5 dream sheep (Lair:4)
  16 blink frogs
  Prince Ribbit (Bailey)
  3 hornets (Gauntlet)
  An ettin zombie (D:15)
  Sigmund (D:4)
  A jumping spider (Lair:4)
  A spriggan (Lair:6)
  2 meliai zombies (D:13)
  An air elemental (Elf:1)
  A jumping spider (shapeshifter) (D:14)
  A shadow (D:12)
  A centaur simulacrum (D:13)
  12 humans
  A wyvern (D:9)
  47 yaks
  6 basilisks
  3 fire bats (Gauntlet)
  A vampire (D:13)
  A ynoxinul (Lair:6)
  3 water elementals
  Eustachio (D:5)
  A fire elemental (Elf:1)
  3 wraiths
  7 hogs (Lair:6)
  11 vampire mosquitoes
  A chaos spawn (Lair:6)
  A death yak simulacrum (IceCv)
  A steam dragon (D:7)
  A harpy simulacrum (IceCv)
  Edmund (D:4)
  An acid dragon (D:13)
  2 wargs
  3 hell hounds
  16 water moccasins
  11 orc warriors
  A meliai simulacrum (D:13)
  2 sky beasts
  A black bear (D:4)
  6 wolves (Lair:1)
  6 ogres
  16 centaurs
  2 phantoms
  2 kobold brigands
  Blork the orc (D:4)
  A necrophage (D:6)
  An earth elemental (Elf:1)
  30 bullfrogs
  3 gnoll sergeants
  3 scorpions
  A cane toad simulacrum (IceCv)
  15 wights
  11 small abominations (Lair:6)
  12 killer bees
  3 vampire bats (D:8)
  An electric eel (D:8)
  5 hounds
  3 jellies
  13 orc priests
  2 iguanas
  Ijyb (D:4)
  Natasha (thrice) (D:4)
  29 orc wizards
  2 wolf simulacra (IceCv)
  Robin (D:2)
  17 gnolls
  5 adders
  A shadow imp (D:8)
  2 white imps (D:7)
  2 ufetubi
  A worm (D:3)
  4 dart slugs
  62 orcs
  3 bat skeletons (D:8)
  2 bat zombies (D:8)
  7 endoplasms
  A giant cockroach (D:3)
  13 goblins
  14 hobgoblins
  5 jackals
  22 kobolds
  4 quokkas
  8 ball pythons
  4 bats
  A frilled lizard (D:1)
  12 rats
830 creatures vanquished.

Vanquished Creatures (collateral kills)
  A deep elf demonologist (Elf:1)
  A deep elf knight (Elf:1)
  A deep elf zephyrmancer (Elf:1)
  An orc wizard (Orc:2)
4 creatures vanquished.

Vanquished Creatures (others)
  2 deep elf knights (Elf:1)
  3 deep elf zephyrmancers (Elf:1)
  A manticore (D:12)
  5 slime creatures (D:12)
  2 vampire mosquitoes (D:12)
  A human (D:13)
  2 centaurs
  47 jellies
  3 orcs
  23 fungi
  84 plants
  9 withered plants (D:15)
182 creatures vanquished.

Grand Total: 1016 creatures vanquished

Notes
Turn   | Place    | Note
-------+----------+-------------------------------------------
     0 | D:1      | Rohain the Troll Fighter began the quest for the Orb.
     0 | D:1      | Reached XP level 1. HP: 22/22 MP: 0/0
   176 | D:1      | Reached XP level 2. HP: 24/29 MP: 1/1
   498 | D:1      | Reached skill level 3 in Unarmed Combat
   516 | D:1      | Reached XP level 3. HP: 36/36 MP: 2/2
   814 | D:2      | Found a faded altar of an unknown god.
  1026 | D:2      | Noticed Robin
  1044 | D:2      | Killed Robin
  1045 | D:2      | Reached XP level 4. HP: 44/44 MP: 3/3
  2501 | D:3      | Reached skill level 4 in Unarmed Combat
  2563 | D:4      | Reached XP level 5. HP: 53/53 MP: 4/4
  2656 | D:4      | Noticed Sigmund
  2656 | D:4      | Noticed Blork the orc
  2670 | D:4      | Killed Sigmund
  2671 | D:4      | Reached skill level 5 in Unarmed Combat
  2671 | D:4      | Reached XP level 6. HP: 40/62 MP: 5/5
  2673 | D:4      | Killed Blork the orc
  2699 | D:4      | Found Gada's Weapon Emporium.
  2705 | D:4      | Noticed Natasha
  2706 | D:4      | Noticed Edmund
  2716 | D:4      | Killed Natasha
  2729 | D:4      | Killed Edmund
  2730 | D:4      | Reached XP level 7. HP: 24/70 MP: 6/6
  2834 | D:4      | Reached skill level 6 in Unarmed Combat
  2918 | D:4      | Noticed Natasha
  2925 | D:4      | Killed Natasha
  3159 | D:4      | Noticed Natasha
  3172 | D:4      | Killed Natasha
  3217 | D:4      | Noticed Ijyb
  3223 | D:4      | Paralysed by Ijyb for 4 turns
  3227 | D:4      | Killed Ijyb
  3383 | D:5      | Entered Level 5 of the Dungeon
  3383 | D:5      | Noticed Eustachio
  3396 | D:5      | Killed Eustachio
  3397 | D:5      | Reached skill level 7 in Unarmed Combat
  3397 | D:5      | Reached XP level 8. HP: 52/79 MP: 7/7
  3481 | D:5      | Gained mutation: You are dopey. (Int -2) [potion of
                  | mutation]
  3481 | D:5      | Gained mutation: You are agile. (Dex +2) [potion of
                  | mutation]
  3481 | D:5      | Gained mutation: You have a pair of small horns on your
                  | head. [potion of mutation]
  3726 | D:5      | Reached skill level 5 in Fighting
  4033 | D:5      | Noticed Pikel
  4035 | D:5      | Reached skill level 5 in Shields
  4035 | D:5      | Reached skill level 8 in Unarmed Combat
  4042 | D:5      | Killed Pikel
  4043 | D:5      | Reached XP level 9. HP: 88/88 MP: 8/8
  4298 | D:6      | Found Idethrui's Jewellery Emporium.
  4301 | D:6      | Found a staircase to the Ecumenical Temple.
  4316 | Temple   | Entered the Ecumenical Temple
  4619 | Temple   | Became a worshipper of the Shining One
  4713 | D:6      | Reached skill level 9 in Unarmed Combat
  5290 | D:7      | Reached * piety under the Shining One
  5303 | D:7      | Identified a scroll of acquirement
  5303 | D:7      | Acquired the +2 cloak of Protective Custody {rElec rPois
                  | rF- SInv}
  5447 | D:7      | Reached skill level 10 in Unarmed Combat
  5949 | D:8      | Reached XP level 10. HP: 78/100 MP: 9/9
  6088 | D:8      | Reached ** piety under the Shining One
  6507 | D:8      | Found a flagged portal.
  6510 | D:8      | Got Daytyit's Catalogue of the Oath
  6518 | Bailey   | Entered a bailey
  6527 | Bailey   | Reached skill level 11 in Unarmed Combat
  6572 | Bailey   | Reached skill level 1 in Invocations
  6632 | Bailey   | Noticed Prince Ribbit
  6632 | Bailey   | Noticed a vault guard
  6636 | Bailey   | Killed Prince Ribbit
  6644 | Bailey   | Killed a vault guard
  6709 | Bailey   | Noticed a vault guard
  6721 | Bailey   | Killed a vault guard
  6722 | Bailey   | Reached skill level 12 in Unarmed Combat
  6786 | Bailey   | Reached XP level 11. HP: 109/109 MP: 12/12
  7320 | D:8      | Found an ancient bone altar of Kikubaaqudgha.
  7569 | D:9      | Reached *** piety under the Shining One
  7865 | D:9      | Noticed a five-headed hydra
  7894 | D:9      | Killed a five-headed hydra
  8141 | D:10     | Entered Level 10 of the Dungeon
  8387 | D:10     | Found Kasuos's Antique Armour Emporium.
  8395 | D:10     | Bought an embroidered robe for 107 gold pieces
  8501 | D:10     | Found a staircase to the Lair.
  8501 | D:10     | Noticed a death yak
  8605 | D:10     | Killed a death yak
  8646 | D:10     | Reached **** piety under the Shining One
  8655 | D:10     | Reached skill level 13 in Unarmed Combat
  8942 | D:11     | Noticed a boulder beetle
  8959 | D:11     | Killed a boulder beetle
  9037 | D:11     | Noticed a boulder beetle
  9050 | D:11     | Killed a boulder beetle
  9111 | D:11     | Noticed a four-headed hydra
  9123 | D:11     | Killed a four-headed hydra
  9396 | D:11     | Reached XP level 12. HP: 106/122 MP: 14/14
  9400 | D:11     | Reached skill level 5 in Invocations
  9684 | Lair:1   | Entered Level 1 of the Lair of Beasts
  9770 | Lair:1   | Found a frozen archway.
  9781 | IceCv    | Entered an ice cave
  9921 | IceCv    | Reached skill level 14 in Unarmed Combat
  9944 | IceCv    | Got Sif Muna's Collected Works on Congealing Transmigration
 10291 | Lair:1   | Noticed Joseph
 10302 | Lair:1   | Killed Joseph
 10569 | Lair:1   | Noticed Amaemon
 10577 | Lair:1   | Killed Amaemon
 10589 | Lair:1   | Reached ***** piety under the Shining One
 11091 | Lair:2   | Reached XP level 13. HP: 115/131 MP: 16/16
 11196 | Lair:2   | Reached skill level 15 in Unarmed Combat
 12052 | Lair:3   | Noticed Gastronok
 12073 | Lair:3   | Killed Gastronok
 12296 | Lair:4   | Found a hole to the Spider Nest.
 12322 | Lair:4   | Found a gate leading to a gauntlet.
 12333 | Gauntlet | Entered a Gauntlet
 12333 | Gauntlet | Found a transporter.
 12333 | Gauntlet | Found a transporter.
 12339 | Gauntlet | Found a transporter.
 12356 | Gauntlet | Found a transporter.
 12367 | Gauntlet | Noticed a dire elephant
 12369 | Gauntlet | Found a transporter.
 12369 | Gauntlet | Found a transporter.
 12369 | Gauntlet | Found a transporter.
 12371 | Gauntlet | Found a transporter.
 12371 | Gauntlet | Found a transporter.
 12390 | Gauntlet | Found a transporter.
 12401 | Gauntlet | Found a transporter.
 12411 | Gauntlet | Found a transporter.
 12425 | Gauntlet | Found a transporter.
 12445 | Gauntlet | Found a transporter.
 12719 | Gauntlet | Killed a dire elephant
 12739 | Gauntlet | Identified the -6 pair of boots of Ashenzari's Esteem {Harm
                  | Fly rC- Stlth+}
 12892 | Gauntlet | Noticed a minotaur
 12898 | Gauntlet | Killed a minotaur
 13196 | Lair:4   | Reached skill level 10 in Fighting
 13276 | Lair:4   | Reached skill level 16 in Unarmed Combat
 13277 | Lair:4   | Found a staircase to the Shoals.
 13862 | Lair:5   | Reached skill level 10 in Shields
 13951 | Lair:5   | Noticed Sonja
 13969 | Lair:5   | Killed Sonja
 14021 | Lair:5   | You fall into a shaft and drop 1 floor!
 14021 | Lair:6   | Entered Level 6 of the Lair of Beasts
 14196 | Lair:5   | Noticed Nessos
 14201 | Lair:5   | Killed Nessos
 14258 | Lair:5   | Reached XP level 14. HP: 129/143 MP: 19/19
 14954 | Lair:6   | Found a runed translucent door.
 14954 | Lair:6   | Found a viscous altar of Jiyva.
 14954 | Lair:6   | Noticed an acid blob
 14980 | Lair:6   | Reached ****** piety under the Shining One
 15209 | Lair:6   | Reached skill level 17 in Unarmed Combat
 15267 | Lair:6   | Found a staircase to the Slime Pits.
 15267 | Lair:6   | Noticed an acid blob
 15297 | Lair:6   | Killed an acid blob
 15303 | Lair:6   | Killed an acid blob
 15387 | Lair:6   | Fell from the grace of the Shining One
 15387 | Lair:6   | Became a worshipper of Jiyva Juchar the Shapeless
 15643 | D:12     | Found a staircase to the Orcish Mines.
 15914 | D:12     | Reached * piety under Jiyva
 16384 | D:13     | Found a glowing golden altar of the Shining One.
 16391 | D:13     | Noticed an apis
 16404 | D:13     | Killed an apis
 16430 | D:13     | Noticed an apis
 16430 | D:13     | Noticed an apis
 16436 | D:13     | Killed an apis
 16443 | D:13     | Killed an apis
 16830 | D:13     | Found a glowing silver altar of Zin.
 16830 | D:13     | Noticed an angel
 16887 | D:13     | Reached ** piety under Jiyva
 16962 | D:12     | Reached XP level 15. HP: 95/154 MP: 20/20
 17154 | D:13     | Found a gate to the Vaults.
 17185 | D:13     | Reached skill level 18 in Unarmed Combat
 17518 | D:14     | Found Henoh's Armour Shop.
 17581 | D:14     | Reached *** piety under Jiyva
 17609 | D:14     | Noticed Louise
 17609 | D:14     | Cast into level 3 of the Abyss (Louise)
 17657 | D:14     | Escaped the Abyss
 17669 | D:14     | Killed Louise
 17737 | D:14     | Lost mutation: You are agile. (Dex +2) [Jiyva's grace]
 17737 | D:14     | Gained mutation: Armour fits poorly on your pseudopods.
                  | [Jiyva's grace]
 17737 | D:14     | Gained mutation: Armour fits poorly on your large
                  | pseudopods. [Jiyva's grace]
 17737 | D:14     | Gained mutation: Armour fits poorly on your massive
                  | pseudopods. [Jiyva's grace]
 17737 | D:14     | Gained mutation: You are robust. (+10% HP) [Jiyva's grace]
 17825 | D:14     | Noticed Snorg
 17832 | D:14     | Killed Snorg
 18371 | D:14     | Found Bighej's General Store.
 18372 | D:14     | Found Ydadghoh's Specific Store.
 18377 | D:14     | Bought a scroll of identify for 22 gold pieces
 18449 | D:14     | Reached **** piety under Jiyva
 18490 | D:14     | Found a shimmering blue altar of Sif Muna.
 18684 | D:15     | Entered Level 15 of the Dungeon
 18912 | D:15     | Found Lyaky's Distillery.
 18915 | D:15     | Bought a potion of haste for 170 gold pieces
 18915 | D:15     | Bought a potion of might for 68 gold pieces
 19009 | D:15     | Found a staircase to the Depths.
 19185 | D:15     | Reached ***** piety under Jiyva
 19547 | Orc:1    | Entered Level 1 of the Orcish Mines
 19739 | Orc:1    | Lost mutation: You are robust. (+10% HP) [Jiyva's grace]
 19739 | Orc:1    | Lost mutation: Armour fits poorly on your massive
                  | pseudopods. [Jiyva's grace]
 19739 | Orc:1    | Lost mutation: Armour fits poorly on your large pseudopods.
                  | [Jiyva's grace]
 19739 | Orc:1    | Gained mutation: You have acidic saliva. [Jiyva's grace]
 19739 | Orc:1    | Gained mutation: Your rubbery body absorbs attacks. (AC +1,
                  | EV +1) [Jiyva's grace]
 19739 | Orc:1    | Gained mutation: Your pliable body absorbs attacks. (AC +2,
                  | EV +2) [Jiyva's grace]
 19739 | Orc:1    | Gained mutation: Your gelatinous body deflects attacks. (AC
                  | +3, EV +3) [Jiyva's grace]
 19780 | Orc:2    | Entered Level 2 of the Orcish Mines
 19810 | Orc:2    | Found a dark tunnel.
 19816 | Volcano  | Entered a volcano
 19942 | Volcano  | Reached skill level 19 in Unarmed Combat
 20064 | Orc:2    | Noticed Rupert
 20094 | Orc:2    | Killed Rupert
 20153 | Orc:2    | Found a staircase to the Elven Halls.
 20223 | Orc:2    | Found Uprenk's Book Boutique.
 20254 | Orc:2    | Found an ancient bone altar of Kikubaaqudgha.
 20263 | Orc:2    | Paralysed by an orc sorcerer for 7 turns
 20310 | Orc:2    | Found Vikeuwol's Jewellery Boutique.
 20334 | Orc:2    | Found Ahoich's Magic Scroll Shop.
 20397 | Orc:2    | Bought an amulet of reflection for 300 gold pieces
 20401 | Orc:2    | Found a radiant altar of Vehumet.
 20420 | Orc:2    | Found Jiag Taq's Antique Armour Shop.
 20441 | Orc:2    | Bought a scroll of identify for 24 gold pieces
 20441 | Orc:2    | Bought a scroll of fear for 42 gold pieces
 20867 | Shoals:1 | Entered Level 1 of the Shoals
 20930 | Shoals:1 | Found Lipyruaq's General Store.
 20955 | Shoals:1 | Bought a scroll of blinking for 120 gold pieces
 21109 | Shoals:1 | Reached XP level 16. HP: 121/150 MP: 21/21
 21278 | Shoals:1 | Lost mutation: You have a pair of small horns on your head.
                  | [Jiyva's grace]
 21278 | Shoals:1 | Lost mutation: You are dopey. (Int -2) [Jiyva's grace]
 21278 | Shoals:1 | Gained mutation: Your mind is acute. (Int +2) [Jiyva's
                  | grace]
 21278 | Shoals:1 | Gained mutation: Your mind is very acute. (Int +4) [Jiyva's
                  | grace]
 21278 | Shoals:1 | Gained mutation: You are covered in thick fur. (AC +2)
                  | [Jiyva's grace]
 21278 | Shoals:1 | Gained mutation: Your thick and shaggy fur keeps you warm.
                  | (AC +3, rC+) [Jiyva's grace]
 21321 | Shoals:1 | Reached ****** piety under Jiyva
 21521 | Slime:1  | Entered Level 1 of the Pits of Slime
 21521 | Slime:1  | Noticed an acid blob
 21666 | Slime:4  | Noticed an acid blob
 21671 | Slime:5  | Entered Level 5 of the Pits of Slime
 21681 | Slime:5  | Noticed an acid blob
 21690 | Slime:5  | Found a viscous altar of Jiyva.
 21690 | Slime:5  | Noticed an acid blob
 21691 | Slime:5  | Noticed an acid blob
 21694 | Slime:5  | Noticed the Royal Jelly
 21695 | Slime:5  | Noticed an acid blob
 21699 | Slime:5  | Identified the amulet "Guna" {Acrobat rElec rN+}
 21706 | Slime:5  | Noticed an acid blob
 21707 | Slime:5  | Noticed an acid blob
 21712 | Slime:5  | Got a slimy rune of Zot
 21714 | Slime:5  | Got Sif Muna's Reference Book on Weightlessness
 21716 | Slime:5  | Identified the +11 trident "Ugiryn" {vorpal, rElec rF+
                  | Int+7 SInv}
 21729 | Slime:5  | Identified the +5 great mace of Premature Burial {pain,
                  | Dex+2}
 21733 | Slime:5  | Identified the ring "Horgh" {Will+ Str+6}
 21804 | Slime:5  | Noticed an acid blob
 22478 | Lair:6   | Identified the ring "Ajeiraycli" {rElec Int+4 Dex-3 SInv}
 22478 | Lair:6   | Noticed Kirke
 22681 | Lair:6   | Killed Kirke
 22712 | Lair:6   | Found a corrupted altar of Lugonu.
 22712 | Lair:6   | Found a one-way gate to the infinite horrors of the Abyss.
 22720 | Lair:6   | Got the Collected Works on Frigorific Orientation
 23016 | Elf:1    | Entered Level 1 of the Elven Halls
 23033 | Elf:1    | Found Noehor's Weapon Emporium.
 23161 | Elf:1    | Reached skill level 20 in Unarmed Combat
 23165 | Elf:1    | Noticed a Hell Sentinel
 23173 | Elf:1    | Noticed a Brimstone Fiend
 23453 | Elf:1    | Got the Incunabulum of Creative Conjuration
 23621 | Elf:1    | Found a radiant altar of Vehumet.
 24000 | Elf:1    | Paralysed by an air elemental for 1 turns
 24065 | Elf:1    | Reached XP level 17. HP: 176/176 MP: 22/22
 24443 | Shoals:1 | Reached skill level 21 in Unarmed Combat
 24797 | Shoals:2 | HP: 7/178 [merfolk javelineer/silver javelin (18)]
 24797 | Shoals:2 | Hit by a silver javelin thrown by a merfolk javelineer

Illustrated notes

Levels and vault maps discovered:
D:1:      onia_arrival_handbag, layout_loops_ring
D:2:      layout_basic, basic_ecumenical_altar, uniq_robin
D:3:      layout_loops_ring, minivault_5, minmay_mini_jars
D:4:      layout_basic, serial_shops, nicolae_take_the_stairs,
          ebering_dispersal_statue_hall, uniq_blork_the_orc, uniq_sigmund,
          uniq_ijyb, uniq_edmund, uniq_natasha
D:5:      layout_basic, uniq_eustachio, uniq_pikel
D:6:      layout_basic, minmay_temple_entry_gardened_gates, serial_shops, shop
D:7:      layout_gridville
D:8:      layout_layer_cave, kennysheep_vampire_church, enter_bailey_2,
          amcnicky_mini_pool_medium
D:9:      layout_basic
D:10:     layout_gridville, david_lair_generic, serial_shops,
          nicolae_shop_hallway_stairs
D:11:     layout_irregular_city, roderic_three_in_a_row
D:12:     layout_roguey, david_orc_2
D:13:     dreamdust_under_siege, layout_loops_cross, ximxim_vaults_locker_room,
          zin_angel
D:14:     layout_layer_cave, serial_shops, nicolae_stop_n_shop_1, minivault_27,
          minivault_4, nicolae_specific_store, lemuel_blue_sif_altar,
          uniq_snorg, uniq_louise
D:15:     gammafunk_depths_entry_grave, layout_stronghold, serial_shops,
          nicolae_shop_behind_doors, moated_statue
Temple:   roderic_octagonal_lattice_temple
Lair:1:   layout_cave_pods, portal_ice_cave_entry_pillars_2, uniq_joseph,
          uniq_amaemon
Lair:2:   layout_chaotic_city, minivault_27, infiniplex_staircase_pool_2
Lair:3:   layout_misc_corridors, grunt_megastairs_1, lemuel_fruit_tree,
          uniq_gastronok
Lair:4:   layout_gridlike, elwin_shoals_entry_stream, spider_nest_entry_rubble,
          gauntlet_entry_generic, serial_bayou_pond_c,
          cheibrodos_lair_reptile_den
Lair:5:   layout_hall_layers, st_stairs_4, nzn_sisyphean_effort, uniq_sonja,
          uniq_nessos
Lair:6:   hellmonk_lair_end_abyssal_woods, layout_cave_pods, slime_altar_2,
          minivault_27, serial_bayou_shore_b, uniq_kirke
Shoals:1: layout_shoals, serial_shops, nicolae_shop_window_shopping, st_cyclops
Shoals:2: layout_shoals, nicolae_shoals_arrival_archipelago
Slime:1:  layout_caves
Slime:2:  layout_caves
Slime:3:  layout_caves
Slime:4:  nicolae_slime_pool, layout_caves
Slime:5
Orc:1:    layout_diamond_mine, bh_open_orc_temple, uniq_erolcha
Orc:2:    kennysheep_orc_mage_school, layout_caves, enter_volcano_2,
          nicolae_orc_lava_tube, uniq_rupert
Elf:1:    eino_elf_arrival_altar, layout_geoelf_diagonals, serial_shops,
          nicolae_shop_bloodbath_and_beyond, minmay_elf_sorcery, billiards_dpeg

Skill      XL: |  1  2  3  4  5  6  7  8  9 10 11 12 13 14 15 16 17 |
---------------+----------------------------------------------------+-----
Unarmed Combat | 3 4 5 7 8 10 12 13 14 16 17 19 20 21 | 21.1
Fighting       | 3 4 5 6 7 8 9 10 11 12 13 | 13.2
Shields        | 3 4 5 6 7 8 9 10 11 12 13 | 13.2
Invocations    | 2 4 6 8 |  8.9
Dodging        | |  2.4

Action                   |  1- 3 |  4- 6 |  7- 9 | 10-12 | 13-15 | 16-18 || total
-------------------------+-------+-------+-------+-------+-------+-------++-------
Melee: Unarmed           |   130 |   144 |   217 |   530 |  1014 |   492 ||  2527
       Headbutt          |       |       |    29 |   126 |   290 |     6 ||   451
       Flail             |       |       |       |    10 |    24 |       ||    34
       Pseudopods        |       |       |       |       |    95 |   105 ||   200
       Bite              |       |       |       |       |    20 |    73 ||    93
Throw: Throwing net      |       |       |       |     1 |       |       ||     1
Invok: Divine Shield     |       |       |       |     1 |       |       ||     1
Evoke: Wand              |       |       |       |    12 |    28 |       ||    40
       Box of beasts     |       |       |       |     1 |       |       ||     1
  Use: Scroll            |     3 |     3 |    13 |    10 |    10 |     4 ||    43
       Potion            |       |     2 |     1 |     4 |    10 |     6 ||    23
 Stab: Distracted        |       |       |       |       |       |     1 ||     1
Armor: Robe              |    38 |    45 |    42 |   145 |   248 |   108 ||   626
       Skin              |       |       |       |       |     1 |       ||     1
Dodge: Dodged            |    39 |    50 |    84 |   196 |   327 |   264 ||   960
Block: Kite shield       |    36 |    54 |   109 |   314 |   527 |   362 ||  1402
       Reflection        |       |       |       |       |     2 |    10 ||    12
       Other             |       |       |       |       |       |     3 ||     3

Table legend: (Time is in decaauts)
 A = Elapsed time spent in this place.
 B = Non-inter-level travel time spent in this place.
 C = Inter-level travel time spent in this place.
 D = Time resting spent in this place.
 E = Time spent auto-exploring this place.
 F = Levels seen in this place.
 G = Mean time per level.
                   A        B        C        D        E       F      G
               +--------+--------+--------+--------+--------+-----+--------+
         Total |  24486 |  22679 |   1807 |   1102 |  15297 |  37 |  661.8 |
       Dungeon |  13190 |  12386 |    804 |    316 |   9438 |  15 |  879.3 |
        Temple |    324 |    283 |     41 |      0 |    243 |   1 |  324.0 |
          Lair |   5976 |   5333 |    643 |    291 |   3639 |   6 |  996.0 |
        Shoals |    962 |    881 |     81 |    172 |    439 |   2 |  481.0 |
    Slime Pits |    522 |    478 |     44 |     54 |    324 |   5 |  104.4 |
  Orcish Mines |    969 |    821 |    148 |      0 |    505 |   2 |  484.5 |
   Elven Halls |   1129 |   1085 |     44 |     36 |    497 |   1 | 1129.0 |
         Abyss |     47 |     47 |      0 |      0 |      0 |   1 |   47.0 |
        Bailey |    319 |    319 |      0 |     71 |     90 |   1 |  319.0 |
      Ice Cave |    199 |    199 |      0 |     21 |      0 |   1 |  199.0 |
       Volcano |    223 |    223 |      0 |      0 |      0 |   1 |  223.0 |
      Gauntlet |    620 |    620 |      0 |    141 |    122 |   1 |  620.0 |
               +--------+--------+--------+--------+--------+-----+--------+

Top non-repeatable levels by time:
  Lair:6: 1713 daAuts
     D:8: 1259 daAuts
    D:14: 1208 daAuts
   Elf:1: 1129 daAuts
  Lair:4: 1082 daAuts
    D:12: 1059 daAuts
     D:2: 1025 daAuts
  Lair:1: 983 daAuts
    D:13: 948 daAuts
     D:3: 903 daAuts
     D:5: 888 daAuts
  Lair:2: 842 daAuts
    D:11: 834 daAuts
Shoals:1: 831 daAuts
     D:4: 828 daAuts
